 Dungeon Crawl Stone Soup version 0.28.0-47-ge53b351184 (webtiles) character file.

Game seed: 3745285010557714462

4431 bobregger the Basher (level 10, 0/92 HPs)
             Began as an Ogre Berserker on Apr 25, 2022.
             Was a Believer of Trog.
             Succumbed to a killer bee's poison
             ... on level 7 of the Dungeon.
             The game lasted 00:15:15 (11363 turns).

bobregger the Basher (Ogre Berserker)              Turns: 11363, Time: 00:15:16

Health: 0/92       AC:  6    Str: 23    XL:     10   Next: 36%
Magic:  10/10      EV: 10    Int:  8    God:    Trog [**....]
Gold:   209        SH:  0    Dex: 12    Spells: 9/9 levels left

rFire   . . .      SeeInvis .   b - +0 whip (elec)
rCold   . . .      Faith    .   (no shield)
rNeg    . . .      Spirit   .   h - +2 robe {Will+}
rPois   .          Reflect  .   (helmet restricted)
rElec   .          Harm     .   d - +0 cloak
rCorr   .          Rampage  .   (gloves unavailable)
Will    ++++.                   (boots unavailable)
Stlth   +.........              (no amulet)
HPRegen 1.25/turn               (no ring)
MPRegen 0.12/turn               (no ring)

@: lethally poisoned (0 -> -1), strong-willed, on berserk cooldown, flying,
regenerating, slowed, very slow
A: large, unfitting armour, tough skin 1, beak
a: Renounce Religion, Berserk, Trog's Hand


You were on level 7 of the Dungeon.
You worshipped Trog.
Trog was pleased with you.
You visited 1 branch of the dungeon, and saw 8 of its levels.

You collected 321 gold pieces.
You spent 112 gold pieces at shops.

Inventory:

Hand Weapons
 b - a +0 whip of electrocution (weapon)
 q - a +0 giant spiked club
Missiles
 m - 5 throwing nets (quivered)
Armour
 d - a +0 cloak (worn)
 h - a +2 robe of willpower (worn)
Jewellery
 c - an amulet of faith
Wands
 o - a wand of acid (4)
Scrolls
 n - 4 scrolls of identify
 p - a scroll of fog
Potions
 e - a potion of berserk rage
 j - 2 potions of lignification {unknown}
 l - a potion of brilliance {unknown}


   Skills:
 - Level 4.0 Fighting
 + Level 13.7 Maces & Flails
 - Level 2.6 Dodging


You had 9 spell levels left.
You didn't know any spells.
Your spell library was empty.

Dungeon Overview and Level Annotations

Branches:
Dungeon (8/15)             Temple (0/1) D:7
   Lair: D:8-11

Altars:
Ashenzari
Hepliaklqana
Ru
Wu Jian
Yredelemnul

Shops:
D:2 (   D:3 !*   D:5 *


Innate Abilities, Weirdness & Mutations

You are too large for most types of armour.
You have tough skin. (AC +1)
You have a beak for a mouth.


Message History

The killer bee closely misses you.
The killer bee stings you but does no damage.
The killer bee barely misses you. The killer bee closely misses you.
A red film seems to cover your vision as you go berserk!
You feel yourself moving faster!
You feel mighty!
You feel very sick. The killer bee stings you.
* * * LOW HITPOINT WARNING * * *
The killer bee stings you but does no damage.
The killer bee stings you.
* * * LOW HITPOINT WARNING * * *
The killer bee barely misses you.
You whack the killer bee! Your peck misses the killer bee.
The killer bee is almost dead.
* * * LOW HITPOINT WARNING * * *
You feel sick. The killer bee completely misses you.
The killer bee stings you but does no damage.
You whack the killer bee!
Lightning courses through the killer bee!
You kill the killer bee!
Trog accepts your kill.
* * * LOW HITPOINT WARNING * * *
You feel sick.
The killer bee stings you but does no damage.
* * * LOW HITPOINT WARNING * * *
You feel sick. The killer bee closely misses you.
You see here a +0 robe.
You thrash the killer bee!!
You kill the killer bee!
Trog accepts your kill.
* * * LOW HITPOINT WARNING * * *
You feel sick.
* * * LOW HITPOINT WARNING * * *
You feel sick.
You feel a strong urge to attack something.
You feel sick.
You are no longer berserk.
You are exhausted.
You feel yourself slow down.
You die...

#####...###....♣._.♣.♣♣###
.###....##.#.......♣..♣#.##
.............♣.♣♣♣♣♣.♣....#
..####....###♣♣......♣...##
...........##.♣♣.♣..♣..###
.....##...###..♣♣.♣...##
...........#..[......##
.......#.###..>...)..#
.####.##..#...##@....#
...##..#.....##.....##
..##..).......##..###
........#.....##..#
........##........#
.≈≈§.(.........#.######
≈≈§§≈............#....##
§≈§§≈≈.............##..#
§§§§§≈#...........####.#


There were no monsters in sight!

Vanquished Creatures
  Harold (D:7)
  Pikel (D:5)
  3 steam dragons
  4 water moccasins
  An ice beast (D:8)
  An orc warrior (D:7)
  An ogre (D:4)
  A sky beast (D:6)
  3 necrophages
  A centaur (D:5)
  4 lemures (D:5)
  A phantom (D:7)
  A kobold brigand (D:7)
  2 wyvern zombies (D:7)
  A bullfrog (D:7)
  4 scorpions
  A water moccasin zombie (D:7)
  2 killer bees (D:7)
  3 wights (D:6)
  2 bullfrog zombies (D:7)
  3 centaur zombies (D:7)
  2 jellies
  Crazy Yiuf (D:5)
  5 hounds
  A gnoll shaman (D:7)
  A bullfrog skeleton (D:6)
  3 iguanas (D:6)
  5 orc wizards
  2 killer bee zombies
  A hound skeleton (D:5)
  A howler monkey zombie (D:7)
  12 gnolls
  6 adders
  A shadow imp (D:6)
  A white imp (D:6)
  An ufetubus (D:5)
  3 adder skeletons
  2 worms
  2 dart slugs (D:2)
  11 orcs
  7 ball pythons
  9 endoplasms
  7 giant cockroaches
  A goblin (D:2)
  5 hobgoblins
  5 jackals
  11 kobolds
  8 quokkas
  6 bats
  5 rats
166 creatures vanquished.

Notes
Turn   | Place    | Note
-------+----------+-------------------------------------------
     0 | D:1      | bobregger the Ogre Berserker began the quest for the Orb.
     0 | D:1      | Reached XP level 1. HP: 24/24 MP: 1/1
   182 | D:1      | Reached skill level 3 in Maces & Flails
   198 | D:1      | Reached XP level 2. HP: 29/32 MP: 2/2
   941 | D:2      | Reached XP level 3. HP: 25/39 MP: 3/3
  1203 | D:2      | Reached skill level 4 in Maces & Flails
  1759 | D:2      | Reached XP level 4. HP: 48/48 MP: 4/4
  1773 | D:2      | Found Kuqufowk's Weapon Shop.
  1822 | D:2      | Reached ** piety under Trog
  1903 | D:2      | Found a faded altar of an unknown god.
  2546 | D:3      | Found Yxkocyt's General Store.
  2573 | D:3      | You fall into a shaft and drop 1 floor!
  2609 | D:4      | Noticed a steam dragon
  2619 | D:4      | Killed a steam dragon
  2620 | D:4      | Reached skill level 5 in Maces & Flails
  2620 | D:4      | Reached XP level 5. HP: 54/54 MP: 5/5
  2620 | D:4      | Reached XP level 6. HP: 62/62 MP: 6/6
  2705 | D:3      | Reached skill level 6 in Maces & Flails
  2719 | D:3      | Gained mutation: You are somewhat resistant to further
                  | mutation. [potion of mutation]
  2719 | D:3      | HP: 3/62 [gnoll/+0 flail (5)]
  3375 | D:3      | Found Odyicis's Distillery.
  3614 | D:3      | Identified the +4 flail of Mopa {chaos, Stlth+}
  4023 | D:3      | Bought a potion of mutation for 112 gold pieces
  4024 | D:3      | Lost mutation: You are somewhat resistant to further
                  | mutation. [potion of mutation]
  4024 | D:3      | Gained mutation: You have a beak for a mouth. [potion of
                  | mutation]
  4968 | D:5      | Entered Level 5 of the Dungeon
  5028 | D:5      | Reached skill level 7 in Maces & Flails
  5032 | D:5      | Reached XP level 7. HP: 48/70 MP: 7/7
  6308 | D:5      | Noticed Pikel
  6315 | D:5      | Killed Pikel
  6316 | D:5      | Reached skill level 9 in Maces & Flails
  6316 | D:5      | Reached XP level 8. HP: 78/78 MP: 8/8
  6510 | D:5      | Found a runed translucent door.
  6511 | D:5      | Noticed Crazy Yiuf
  6848 | D:5      | Found Hyzuch's Assorted Antiques.
  7118 | D:5      | Killed Crazy Yiuf
  7484 | D:6      | Reached skill level 10 in Maces & Flails
  7881 | D:6      | Reached XP level 9. HP: 83/84 MP: 9/9
  8302 | D:6      | Reached skill level 11 in Maces & Flails
  8502 | D:6      | Found a sacrificial altar of Ru.
  8711 | D:6      | Identified the +2 spear "Grim" {spect, *Rage Fly rF+ rC+++}
  8958 | D:7      | Found a staircase to the Ecumenical Temple.
  9261 | D:7      | Found a hazy altar of Hepliaklqana.
  9261 | D:7      | Found an ornate altar of the Wu Jian Council.
  9492 | D:7      | Reached skill level 12 in Maces & Flails
  9820 | D:7      | Found a broken altar of Ashenzari.
  9823 | D:7      | Noticed Harold
  9843 | D:7      | Killed Harold
  9844 | D:7      | Reached skill level 13 in Maces & Flails
  9844 | D:7      | Reached XP level 10. HP: 68/92 MP: 10/10
 10703 | D:7      | Found a basalt altar of Yredelemnul.
 11356 | D:7      | HP: 6/138 [killer bee (2)]
 11361 | D:7      | HP: 2/138 [poisoned by a killer bee]
 11363 | D:7      | Succumbed to a killer bee's poison

Illustrated notes

Levels and vault maps discovered:
D:1:      minmay_arrival_cross, layout_loops_ring
D:2:      wander_river, layout_basic, serial_shops, shop,
          dreamdust_ecumenical_altar_hidden_monk_grotto
D:3:      layout_basic, serial_shops, shop, shop, minmay_misc_feat_enclosed,
          minmay_distorted
D:4:      layout_basic
D:5:      layout_rooms, hangedman_decor_riveting, nicolae_inconvenience_store,
          uniq_pikel, uniq_crazy_yiuf_cottage
D:6:      layout_layer_cave, kennysheep_little_box
D:7:      layout_cave_pools, nicolae_yredelemnul_corpse_copse,
          gammafunk_temple_overflow_elements, lemuel_round_altar,
          minmay_temple_entry_mist, hangedman_abyss_or_decor_stabs,
          grunt_ministairs_5, minmay_holes, uniq_harold
D:8:      minmay_chambers_of_sevens, layout_loops_cross, slow_altar_1

Skill      XL: |  1  2  3  4  5  6  7  8  9 |
---------------+----------------------------+-----
Maces & Flails | 3 4 5 7 9 10 13 | 13.7
Fighting       | |  4.0
Dodging        | |  2.6

Action                   |  1- 3 |  4- 6 |  7- 9 | 10-12 || total
-------------------------+-------+-------+-------+-------++-------
Melee: Mace              |   126 |   129 |       |       ||   255
       Giant spiked club |       |    20 |    41 |       ||    61
       Peck              |       |     5 |    57 |    26 ||    88
       Whip              |       |       |   234 |   129 ||   363
       Punch             |       |       |     2 |       ||     2
Invok: Berserk           |     1 |     5 |    11 |     4 ||    21
       Trog's Hand       |       |       |       |     2 ||     2
  Use: Scroll            |       |     7 |     2 |     2 ||    11
       Potion            |       |     5 |       |     9 ||    14
 Stab: Sleeping          |       |     1 |       |       ||     1
Armor: Animal skin       |    51 |    41 |     4 |       ||    96
       Robe              |       |       |    42 |    59 ||   101
Dodge: Dodged            |    97 |    86 |    89 |    98 ||   370
